 Dungeon Crawl Stone Soup version 0.31-a0-232-gb1c03b2570 (webtiles) character file.

Game seed: 9567633143703260047

165 qw the Shooter (level 5, 0/31 HPs)
             Began as a Gargoyle Hexslinger on July 7, 2023.
             Slain by an orc priest
             ... wielding a +0 whip
              (4 damage)
             ... on level 3 of the Dungeon.
             The game lasted 00:00:52 (2006 turns).

qw the Shooter (Gargoyle Hexslinger)                Turns: 2006, Time: 00:00:53

Health: 0/31       AC:  6    Str: 11    XL:     5   Next: 46%
Magic:  6/6        EV: 12    Int: 14    God:
Gold:   146        SH:  0    Dex: 14    Spells: 5/6 levels left

rFire   . . .        Y - +2 sling
rCold   . . .        (no shield)
rNeg    + + .        c - +0 robe
rPois   inf          (no helmet)
rElec   +            (no cloak)
rCorr   .            (no gloves)
SInv    .            (no boots)
Will    .....        (no amulet)
Stlth   +            e - ring of positive energy
HPRegen 0.25/turn    (no ring)
MPRegen 0.10/turn

%: no passive effects
@: about to teleport
A: sickness immunity, AC +4, negative energy resistance 1, electricity
resistance, torment resistance 1, petrification resistance
a: no special abilities


You were on level 3 of the Dungeon.
You visited 1 branch of the dungeon, and saw 3 of its levels.

You collected 146 gold pieces.


Innate Abilities, Weirdness & Mutations

You are immune to sickness and miasma.
Your stone body is resilient. (AC +4)
You are immune to poison.
You resist negative energy. (rN+)
You are resistant to electric shocks. (rElec)
You are resistant to unholy torment.
You are immune to petrification.


   Skills:
 + Level 2.5 Fighting
 - Level 5.0 Ranged Weapons
 - Level 1.5 Dodging
 - Level 1.0 Spellcasting
 - Level 2.6 Hexes


You had 5 spell levels left.
You knew the following spells:

 Your Spells              Type           Power      Damage    Failure   Level
a - Slow                  Hex            32%        N/A       9%          1

Your spell library contained the following spells:

 Spells                   Type           Power      Damage    Failure   Level
 Inner Flame              Hex/Fire       4%         N/A       41%         3
 Portal Projectile        Hex/Tloc       8%         N/A       41%         3
 Cause Fear               Hex            4%         N/A       65%         4

Inventory:

Hand Weapons
 Y - a +2 sling (weapon)
Armour
 c - a +0 robe (worn)
Jewellery
 e - a ring of positive energy (left hand)
Scrolls
 a - a scroll of enchant armour
Potions
 d - a potion of enlightenment
 f - a potion of ambrosia {unknown}
 h - a potion of curing
 i - a potion of mutation {unknown}

Dungeon Overview and Level Annotations

Branches:
Dungeon (3/15)

Altars:
Zin

Shops:
D:1 !


Message History

You climb downwards.
There is a stone staircase leading up here.
You now have 146 gold pieces (gained 11).
Found a stone staircase leading up.
There is a stone staircase leading up here. 2 orcs and an orc priest come into view.
The orc shouts!
The orc priest shouts!
You hear a shout!
You shoot a sling bullet. The orc shouts!
The sling bullet hits the orc priest.
The orc priest is lightly wounded.
The orc priest invokes the aid of Beogh against you.
Beogh smites you!
Ouch! That really hurt!
You shoot a sling bullet. The sling bullet hits the orc!
You kill the orc!
You shoot a sling bullet.
The sling bullet barely misses the orc priest.
The orc priest barely misses you.
A hobgoblin comes into view.
You shoot a sling bullet. The sling bullet hits the orc priest.
The orc priest is lightly wounded.
The orc priest hits you with a +0 whip.
You shoot a sling bullet. The sling bullet hits the orc priest!
The orc priest is heavily wounded.
A giant cockroach comes into view.
You shoot a sling bullet. The sling bullet hits the orc priest.
The orc priest is severely wounded.
The orc priest mumbles some strange prayers to Beogh against you.
Pain shoots through your body! The orc hits you with a +0 mace.
2005 ||| READING scroll of teleportation.
As you read the scroll of teleportation, it crumbles to dust.
You feel strangely unstable.
The orc priest begins to cast a cantrip, but forgets the words!
The orc barely misses you.
You shoot a sling bullet. The sling bullet hits the orc priest.
The orc priest is almost dead.
You hear a shout!
The orc priest hits you with a +0 whip.
You die...

..# #..# #.#
#..# .# #.#
#..# .# .# #.#
#..####... #.#
#.####........#
#B.
#.............#
.g##
#.#####.####...
... #.#
#.#########o#
#.#
#......<..@o#
#.#
#############
#.# #.# #.#


You could see an orc priest, an orc, a giant cockroach and a hobgoblin.

Vanquished Creatures
  2 jellies (D:2)
  4 adders (D:2)
  2 worms (D:2)
  A dart slug (D:1)
  An orc (D:3)
  2 ball pythons (D:1)
  12 endoplasms
  3 giant cockroaches
  4 goblins
  4 hobgoblins
  2 jackals (D:1)
  A quokka (D:2)
  6 bats
  3 frilled lizards
  8 kobolds (D:2)
  5 rats
60 creatures vanquished.

Notes
Turn   | Place    | Note
-------+----------+-------------------------------------------
     0 | D:1      | qw the Gargoyle Hexslinger began the quest for the Orb.
     0 | D:1      | Reached XP level 1. HP: 12/12 MP: 2/2
     0 | D:1      | 0 ||| qw: Version: 0.3-a-46-gb1f654a
     0 | D:1      | 0 ||| qw: Game counter: 2182
     0 | D:1      | 0 ||| qw: Melee chars always use a shield: true
     0 | D:1      | 0 ||| qw: God list: Okawaru
     0 | D:1      | 0 ||| qw: Allow faded altars: false
     0 | D:1      | 0 ||| qw: Do Orc after clearing Dungeon:15 true
     0 | D:1      | 0 ||| qw: Do second Lair branch before Depths: true
     0 | D:1      | 0 ||| qw: Lair rune preference: random
     0 | D:1      | 0 ||| qw: Goals: Normal
     0 | D:1      | 0 ||| PLANNING D:1-11
   249 | D:1      | Reached XP level 2. HP: 13/16 MP: 3/3
   299 | D:1      | Found Foriphecs's Distillery.
   320 | D:1      | 320 ||| SHOPLISTING 2 potions of curing (72 gold, have 32).
   320 | D:1      | 320 ||| SHOPLISTING potion of haste (120 gold, have 32).
   320 | D:1      | 320 ||| SHOPLISTING potion of heal wounds (60 gold, have
                  | 32).
   320 | D:1      | 320 ||| SHOPLISTING potion of might (48 gold, have 32).
   447 | D:1      | Reached skill level 3 in Ranged Weapons
   661 | D:1      | 661 ||| READING scroll labelled XAWATI WAUXOE.
   662 | D:1      | 662 ||| READING scroll labelled DOTREZOLEY.
   663 | D:1      | 663 ||| READING scroll labelled AKKYUB FATHIBB.
   664 | D:1      | 664 ||| DRINKING 2 emerald potions.
   665 | D:1      | 665 ||| DROPPING scroll of poison.
   768 | D:2      | Reached XP level 3. HP: 21/21 MP: 4/4
   928 | D:2      | Found a glowing silver altar of Zin.
  1164 | D:2      | Reached XP level 4. HP: 24/26 MP: 5/5
  1235 | D:2      | Reached skill level 4 in Ranged Weapons
  1767 | D:2      | Reached skill level 5 in Ranged Weapons
  1767 | D:2      | Reached XP level 5. HP: 25/30 MP: 6/6
  1789 | D:2      | 1789 ||| FLEEEEING.
  1794 | D:2      | 1794 ||| FLEEEEING.
  1795 | D:2      | 1795 ||| FLEEEEING.
  1804 | D:2      | 1804 ||| FLEEEEING.
  1805 | D:2      | 1805 ||| FLEEEEING.
  1806 | D:2      | 1806 ||| FLEEEEING.
  1807 | D:2      | 1807 ||| FLEEEEING.
  1808 | D:2      | 1808 ||| FLEEEEING.
  1814 | D:2      | 1814 ||| FLEEEEING.
  1815 | D:2      | 1815 ||| FLEEEEING.
  1816 | D:2      | 1816 ||| FLEEEEING.
  1862 | D:2      | 1862 ||| UPGRADING to ring of positive energy.
  1863 | D:2      | 1863 ||| READING scroll labelled ETADYC WIUKAGG.
  1864 | D:2      | 1864 ||| READING 2 scrolls labelled FUMMOU BUINO.
  1869 | D:2      | 1869 ||| DRINKING 2 ruby potions.
  1906 | D:3      | 1906 ||| STAIRDANCE
  2004 | D:3      | HP: 4/31 [orc/+0 mace (5)]
  2005 | D:3      | 2005 ||| READING scroll of teleportation.
  2006 | D:3      | Slain by an orc priest

Levels and vault maps discovered:
D:1:      psy_arrival_statuary, layout_loops_ring, serial_shops,
          nicolae_shop_tiny_glass, minmay_misc_feat_cross
D:2:      cheibrodos_fertilizer, layout_basic, basic_altar
D:3:      layout_loops_ring, serial_bayou_lagoon_a

Skill      XL: |  1  2  3  4 |
---------------+-------------+-----
Ranged Weapons | 3 5 |  5.0
Fighting       | 2 |  2.5
Dodging        | |  1.5
Spellcasting   | |  1.0
Hexes          | |  2.6

Action                     |  1- 3 |  4- 6 || total
---------------------------+-------+-------++-------
   Fire: Sling             |    94 |   106 ||   200
    Use: Scroll            |     3 |     3 ||     6
         Potion            |     1 |     1 ||     2
 Armour: Robe              |    20 |    29 ||    49
  Dodge: Dodged            |    43 |    69 ||   112

Table legend:
 A = Non-vault XP
 B = Vault XP
 C = Vault XP percentage of total XP
 D = Non-vault monster count
 E = Vault monster count
 F = Vault count percentage of total count
                 A         B        C        D         E       F
            +---------+---------+-------+---------+---------+-------
      Total |     124 |     113 |  47.7 |      42 |      18 |  30.0
            +---------+---------+-------+---------+---------+-------
        D:1 |      32 |       0 |   0.0 |      18 |       0 |   0.0
        D:2 |      85 |     113 |  57.1 |      20 |      18 |  47.4
        D:3 |       7 |       0 |   0.0 |       4 |       0 |   0.0
            +---------+---------+-------+---------+---------+-------
